[Event "New York Spring GM-A 2022"]
[Site "New York"]
[Date "2022.04.18"]
[Round "7.2"]
[White "Wang, Kevin"]
[Black "Song, Edward"]
[Result "1-0"]
[ECO "B22"]
[WhiteElo "2389"]
[BlackElo "2383"]
[Annotator "TA"]
[PlyCount "123"]
[EventDate "2022.04.14"]
[EventType "tourn"]
[EventCountry "USA"]
[SourceTitle "playchess.com"]
[Source "ChessBase"]
[SourceQuality "1"]
[TimeControl "5400+30"]

1. e4 c5 2. c3 Nf6 3. e5 Nd5 4. Nf3 d6 5. d4 cxd4 6. cxd4 dxe5 7. dxe5 Nc6 8. Bc4 Be6 {[%emt 0:02:26][%cal Od5e3] [#] B22: Sicilian: 2 c3.} 9. Nbd2 $146 ({Predecessor:} 9. O-O g6 10. Ng5 Bg7 11. Nxe6 fxe6 12. Nc3 Nxe5 13. Bxd5 exd5 14. Nxd5 e6 15. Qa4+ Kf7 16. Nf4 {½-½ (36) Harika,D (2511)-Shankland,S (2708) Kolkata 2021}) 9... g6 10. Ng5 Bg7 {[%emt 0:15:18] The position is equal.} 11. Nxe6 fxe6 12. O-O O-O 13. Nf3 Qd7 (13... Nxe5 $11 14. Nxe5 Bxe5) 14. Re1 $14 Rad8 15. Qe2 Rf5 16. Bb5 Rdf8 17. Bd2 Qc7 ({Black should play} 17... Rxf3 $1 $14 18. gxf3 Rf5) 18. Rac1 (18. Bxc6 $16 bxc6 19. Rac1) 18... Qb6 (18... Rxf3 $1 $11 19. gxf3 Nd4 $1 20. Rxc7 Nxe2+ 21. Bxe2 Nxc7) 19. Bxc6 $16 bxc6 20. b3 Bxe5 21. Rc4 (21. Nxe5 $2 Rxf2 22. Be3 Nxe3 23. Qxf2 (23. Qxe3 $2 Rf1+ 24. Rxf1 Qxe3+ $19) 23... Rxf2 24. Kxf2 Nc2+ 25. Kf3 Qa5 $1 26. Rxc2 (26. Re4 $2 Qd2 $19) 26... Qxe1 $19) 21... R8f6 22. Bg5 (22. Nxe5 $2 Rxf2 23. Kh1 Rxe2 $19) 22... Rf7 23. Rec1 ({But not} 23. Nxe5 $2 Rxf2 24. Be3 Rxe2 $19) 23... Bf4 24. Rxc6 Qa5 (24... Qb7 $16 25. Bxf4 (25. Rc8+ Kg7 $11) 25... Nxf4) 25. Rc8+ Kg7 26. Qb2+ e5 {[%emt 0:01:49] [#]} 27. R8c5 $1 {[%emt 0:04:39] &Bianco is more active.} Qd8 {[%emt 0:00:00] [#]} (27... Bxc1 $2 28. Qxc1 Qxa2 29. Bh6+ Kg8 30. Rxd5 Qxb3 31. Rc5 $18) (27... Qb4 28. Rxd5) 28. Rd1 $1 Bxg5 (28... Qb6 29. Rdxd5) 29. Rdxd5 Qb6 30. Nxg5 ({Weaker is} 30. Rxe5 Bf6 31. Qc3 Qd6 $17) 30... Rxg5 31. Rxe5 Rxe5 32. Qxe5+ Qf6 33. Qxf6+ exf6 $18 {[%emt 0:00:39][%mdl 4096] Endgame KR-KR} 34. g4 Rd7 35. Ra5 g5 36. Ra6 Re7 (36... h5 {is a better defense.} 37. gxh5 Rf7) 37. Kg2 Kg6 38. Kf3 Kf7 (38... Rf7 {was necessary.} 39. Kg2 h5) 39. b4 Kg6 40. a4 Kf7 41. b5 Kg6 42. Rc6 Kf7 43. a5 Re5 44. b6 axb6 45. axb6 Kg6 $2 (45... h6 46. Rc8 Rb5) 46. b7 Rb5 47. Rc7 {[%emt 0:00:01] Hoping for Ke4.} Rb4 48. Ke3 h5 $2 (48... f5 49. Kd2 fxg4) 49. gxh5+ Kxh5 50. Kd3 {[%emt 0:00:05] Black must now prevent Kc3.} f5 51. Kc3 Rb1 52. Kd4 {[%emt 0:00:26] Kd5 would kill now.} Kg4 53. Kd5 {[%emt 0:00:47] Intending Kc6 and mate.} Kf3 54. Kc6 $2 (54. Rg7 $1 $18) 54... f4 $2 {[%emt 0:00:54][%mdl 8192] [#]} (54... Kxf2 $11 55. Rg7 Rc1+ 56. Kd7 Rd1+ 57. Kc8 Rc1+ 58. Rc7 Rb1) 55. Rg7 $1 Rc1+ 56. Kd7 (56. Kb6 $142 Rb1+ 57. Kc6 Rc1+ 58. Kd7 Rb1 59. Kc8 Re1 60. Rd7 Rc1+ 61. Rc7) 56... Rb1 57. Kc8 {[%emt 0:00:01] White mates.} Rc1+ 58. Rc7 Rb1 59. b8=Q Rxb8+ 60. Kxb8 Kxf2 {[%emt 0:02:06] [#]} 61. Rg7 $1 Kg2 62. h4 $1 {[%emt 0:00:00] Weighted Error Value: White=0.28 (precise) /Black=0.47} 1-0

[Event "New York Spring GM-A 2022"]
[Site "New York"]
[Date "2022.04.18"]
[Round "7.3"]
[White "Nagy, Gabor"]
[Black "Korley, Kassa"]
[Result "1-0"]
[ECO "E14"]
[WhiteElo "2530"]
[BlackElo "2399"]
[Annotator "TA"]
[PlyCount "143"]
[EventDate "2022.04.14"]
[EventType "tourn"]
[EventCountry "USA"]
[SourceTitle "playchess.com"]
[Source "ChessBase"]
[SourceQuality "1"]
[TimeControl "5400+30"]

1. c4 e6 2. Nf3 d5 3. e3 Nf6 4. Nc3 Be7 5. b3 O-O 6. Bb2 b6 7. cxd5 exd5 8. d4 Bb7 9. Bd3 Nbd7 10. O-O a6 {[%emt 0:06:44] The main line 10...a6 scores better than 10...Re8.} 11. Rc1 {[%emt 0:01:32] E14: Queen's Indian: Classical Variation (4 e3).} (11. Ne5 {looks sharper.} Bd6 12. f4 Ne4 13. Rc1) 11... Bd6 12. Ne2 Re8 13. Ng3 {[%emt 0:00:26] The position is equal.} g6 14. Qc2 Rc8 15. Qe2 Ra8 16. Rc2 {[%emt 0:01:26] [#]} h5 $146 ({Predecessor:} 16... Qe7 17. Rfc1 Rec8 18. Qe1 Ne4 19. Bf1 Nxg3 20. hxg3 Nf6 21. Ne5 c5 22. Nd3 Ne4 23. dxc5 bxc5 {1-0 (32) Vidit,S (2651)-Almasi,Z (2689) Berlin 2015}) 17. Rfc1 c5 18. Rd1 Qe7 19. a4 Ng4 20. Nf1 a5 21. Bb5 Rad8 (21... Red8 $14) 22. Bc3 (22. dxc5 $16 bxc5 23. Qd2) 22... Ra8 23. Qe1 Rec8 24. Bxd7 Qxd7 25. h3 Nh6 (25... Nf6 {is more complex.} 26. dxc5 Rxc5 27. Rdc1 Rac8) 26. e4 dxe4 27. dxc5 Rxc5 28. Ne5 Qe6 29. Nc4 $36 {[%emt 0:00:00][%mdl 2048] White has good play.} Bc7 30. Bd4 Rc6 31. Re2 Re8 32. Nfd2 Rc5 $2 33. Bxc5 bxc5 {[%emt 0:00:02] [#]} 34. Nxe4 $1 Bxe4 35. f3 Bc2 36. Rxe6 {[%emt 0:00:00] Really sharp!} (36. Rdd2 $18 Bxb3 37. Rxe6 Rxe6 38. Qc1) 36... Rxe6 $11 37. Qxe6 fxe6 38. Rd7 Bf4 (38... Bxb3 $2 39. Nd2 Bb6 40. Rb7 (40. Nxb3 c4+ 41. Kf1 cxb3 $17) 40... Bxa4 41. Rxb6 $18) 39. Nxa5 Nf5 40. g4 Nd4 41. Kf2 Kf8 42. Nb7 Ke8 (42... Bxb3 43. Nxc5 Bd5 44. Nxe6+ $1 Bxe6 45. Rxd4 $14) (42... Nxb3 43. a5 Nxa5 44. Nxa5 $16) 43. Rd8+ (43. Nxc5 Nxb3 44. Rd8+ Kxd8 $17) 43... Ke7 {[%emt 0:00:15] Threatening ...hxg4.} 44. a5 {[%emt 0:00:00] Strongly threatening Rh8.} Bd3 (44... Nxb3 $2 45. a6 Bc7 {[#]} 46. a7 $1 Bxd8 47. a8=Q $18) 45. Ra8 Nc2 ({Don't take} 45... Nxb3 46. a6 Bxa6 47. Rxa6 $16) (45... hxg4 $11 {keeps the balance.} 46. hxg4 c4) 46. gxh5 (46. a6 $16 Be3+ 47. Kg3 h4+ 48. Kh2 (48. Kxh4 Bf4 $11)) 46... gxh5 $2 {[%emt 0:00:11] Black cannot hold the game after this.} ({Weaker is} 46... Be3+ 47. Kg3 $18) ({Black should play} 46... c4 $1 $14 47. bxc4 gxh5) 47. a6 $18 {[%emt 0:00:00] aiming for a7.} h4 $2 (47... Be3+ 48. Kg3 Bxa6) 48. a7 Be3+ 49. Kg2 Ne1+ 50. Kh1 Be2 {[%emt 0:01:02] [#]} 51. Re8+ $3 {[%emt 0:00:00][%mdl 576] Decoy, Clearance, Promotion} Kxe8 52. a8=Q+ Kf7 53. Qa4 Bxf3+ 54. Kh2 {[%emt 0:00:00] Black must now prevent Nd8+.} Bd5 55. Nd6+ Ke7 {[%emt 0:02:20] ( -> ...Nf3+)} 56. Qxh4+ Kd7 {[%emt 0:00:03] And now ...Nf3+ would win.} 57. Qxe1 Bf4+ 58. Kg1 Kxd6 59. Qh4 Be3+ 60. Kf1 {[%emt 0:00:00] Qg3+ is the strong threat.} Bd4 61. Qd8+ Ke5 62. h4 Ke4 63. h5 Bxb3 64. h6 {[%emt 0:00:00] White wants to mate with h7.} c4 65. h7 c3 66. h8=Q Bxh8 67. Qxh8 Kd3 68. Ke1 (68. Qh3+ $142 Kc2 69. Qe3 Bc4+ 70. Ke1 Kb2 71. Qd4 Kb3 72. Kd1 c2+ 73. Kd2) 68... Kc2 69. Qd4 {[%emt 0:00:00] White mates.} Bd5 70. Ke2 Bb3 71. Ke3 Bd5 72. Qc5 {[%emt 0:00:00] Weighted Error Value: White=0.23 (precise) /Black=0.35} 1-0

[Event "New York Spring GM-A 2022"]
[Site "New York"]
[Date "2022.04.18"]
[Round "7.4"]
[White "Liang, Jason"]
[Black "Barbosa, Oliver"]
[Result "1/2-1/2"]
[ECO "B12"]
[WhiteElo "2419"]
[BlackElo "2505"]
[Annotator "TA"]
[PlyCount "51"]
[EventDate "2022.04.14"]
[EventType "tourn"]
[EventCountry "USA"]
[SourceTitle "playchess.com"]
[Source "ChessBase"]
[SourceQuality "1"]
[TimeControl "5400+30"]

1. e4 c6 2. d4 d5 3. e5 Bf5 4. Nd2 e6 5. Nb3 Nd7 6. Nf3 Ne7 {[%emt 0:00:53] B12: Caro-Kann: Advance Variation.} 7. Be2 a6 8. O-O Bg6 {[%emt 0:00:19] White is slightly better.} 9. a4 Qc7 {[%emt 0:03:44] [#]} 10. Bd2 $146 ({Predecessor:} 10. a5 c5 11. Nxc5 Nxc5 12. dxc5 Nc6 13. Be3 Be7 14. Qd2 O-O 15. b4 Nxe5 16. Bf4 {1-0 (56) Azarov,S (2582)-Kononenko,D (2255) Minsk 2017}) 10... Nc8 11. a5 Be7 12. c4 dxc4 13. Bxc4 O-O 14. Qe2 (14. Ng5 {feels hotter.} Qd8 15. Bxe6 Nxe5 16. dxe5 Bxg5 17. Bxg5 Qxg5 18. f4) 14... Na7 15. Rac1 Qd8 16. h3 Nb5 17. Ne1 Nc7 18. Bd3 Bxd3 19. Nxd3 Re8 20. Bb4 Bxb4 21. Nxb4 Nb5 22. Rfd1 Nf8 23. Qe4 Ng6 24. g3 Ne7 25. Rc5 Rc8 26. Nc2 {[%emt 0:07:45] Weighted Error Value: White=0.07 (flawless) /Black=0.06 (flawless)} 1/2-1/2

[Event "New York Spring GM-A 2022"]
[Site "New York"]
[Date "2022.04.18"]
[Round "7.5"]
[White "Guo, Arthur"]
[Black "Kaliksteyn, Alexander"]
[Result "1/2-1/2"]
[ECO "B47"]
[WhiteElo "2412"]
[BlackElo "2379"]
[Annotator "TA"]
[PlyCount "112"]
[EventDate "2022.04.14"]
[EventType "tourn"]
[EventCountry "USA"]
[SourceTitle "playchess.com"]
[Source "ChessBase"]
[SourceQuality "1"]
[TimeControl "5400+30"]

1. e4 c5 2. Nf3 e6 3. d4 cxd4 4. Nxd4 Nc6 5. Nc3 Qc7 6. Be2 a6 7. Nxc6 {[%emt 0:00:24] B47: Sicilian: Taimanov: 5 Nc3 Qc7 6 f4, 6 g3 and 6 Be2.} bxc6 8. Qd3 $1 {[%emt 0:00:25][%mdl 4] now scores much better than the old 8.0-0.} Nf6 9. Qg3 Qxg3 10. hxg3 ({Don't play} 10. fxg3 d5 $15) 10... d5 11. g4 Nxe4 12. Nxe4 dxe4 13. Be3 Bb7 14. Rh3 {[%emt 0:03:03][%mdl 1024] [#] White has compensation.} c5 $146 ({Predecessor:} 14... Rd8 15. Bd2 Bd6 16. Rb3 Rd7 17. O-O-O f6 18. a4 Ke7 19. a5 Be5 20. c3 Rb8 {½-½ (94) Hameister,R (2421)-Dedina,M (2354) ICCF email 2017}) 15. O-O-O h6 16. Bc4 Be7 17. g5 Rg8 18. gxh6 gxh6 19. Rxh6 Bg5 20. Bxg5 Rxg5 {[%emt 0:00:06] [#]} 21. Bxe6 $1 fxe6 22. Rh8+ Kf7 23. Rh7+ Kf6 24. Rxb7 Rxg2 $11 {[%emt 0:00:04][%mdl 4096] Endgame KRR-KRR} 25. Rc7 Rxf2 {[%emt 0:06:30] The position is equal.} 26. Rxc5 Rg8 27. b4 e5 28. Re1 Kf5 29. Rc4 Rgg2 30. a4 Rf4 31. Re3 Rgf2 32. b5 axb5 33. axb5 R2f3 34. Kd2 {[%emt 0:00:00] [#] aiming for Rxf3.} Rxe3 35. Kxe3 {[%emt 0:00:00] Strongly threatening b6. KR-KR} Rf3+ 36. Ke2 Rh3 37. Rc8 Rh2+ 38. Ke3 {[%emt 0:00:00] Rf8+ is the strong threat.} Rh3+ 39. Kd2 Rh2+ 40. Kc3 Rh3+ 41. Kc4 Rh2 42. c3 Rb2 {[%emt 0:01:48] White must now prevent ...e3.} 43. Rf8+ Ke6 44. Kc5 e3 {[%emt 0:00:00][%cal Be4e3,Be3e2][%mdl 32] Hoping for ...e2.} 45. Rf1 e2 46. Re1 Kf5 47. c4 Ke4 48. Kb6 Kd3 (48... Kd4 $5 49. c5 Kc4 50. Rc1+ Kd3 $11) 49. c5 Kd2 (49... e4 $5 50. c6 Kd2 $11) 50. Rxe2+ Kxe2 {[%emt 0:00:02] KR-KPP} 51. c6 e4 52. c7 Rc2 53. Kb7 e3 54. c8=Q Rxc8 55. Kxc8 Kf2 {[%emt 0:00:12] ( -> ...e2)} (55... Kd3 $5 56. b6 Ke4 $11) 56. b6 e2 {[%emt 0:05:02] Weighted Error Value: White=0.02 (flawless) /Black=0.02 (flawless)} 1/2-1/2

[Event "New York Spring GM-A 2022"]
[Site "New York"]
[Date "2022.04.18"]
[Round "8.1"]
[White "Belous, Vladimir"]
[Black "Kaliksteyn, Alexander"]
[Result "1/2-1/2"]
[ECO "E01"]
[WhiteElo "2516"]
[BlackElo "2379"]
[Annotator "TA"]
[PlyCount "52"]
[EventDate "2022.04.14"]
[EventType "tourn"]
[EventCountry "USA"]
[SourceTitle "playchess.com"]
[Source "ChessBase"]
[SourceQuality "1"]
[TimeControl "5400+30"]

1. d4 d5 2. c4 e6 3. Nc3 c6 4. Nf3 Nf6 5. g3 dxc4 6. Bg2 Nbd7 7. O-O b5 8. e4 Bb7 9. Re1 {[%emt 0:01:51] E01: Catalan: Early deviations.} (9. e5 $11 Nd5 10. Ng5) 9... Be7 $15 10. Qc2 O-O 11. Bf4 {[%emt 0:06:10] Black is better.} Re8 12. Rad1 Qb6 13. a3 a6 {[%emt 0:00:59] [#]} 14. Bc1 $146 ({Predecessor:} 14. Bh3 Rad8 15. Ng5 Nf8 16. e5 Nd5 17. Bc1 c5 18. dxc5 Qxc5 19. Nce4 Qc7 20. Nd6 Bxd6 21. exd6 Qxd6 {0-1 (39) McTavish,D (2154)-Cormier,A (2250) Kitchener 2013}) 14... Rad8 15. e5 {[%emt 0:03:44] Strongly threatening Ng5.} Nd5 16. Ng5 Nf8 17. Be4 f5 18. exf6 Nxf6 19. Bg2 c5 {[%emt 0:07:05] Threatens to win with ...Bxg2.} 20. dxc5 {[%emt 0:02:15] [#]} Rxd1 $1 21. Rxd1 Bxc5 22. Nce4 {[%emt 0:00:06] Black must now prevent Nxf6+.} Nxe4 23. Nxe4 Bd4 24. a4 e5 25. axb5 axb5 26. b3 {[%emt 0:00:02] [#]} (26. Bd2 $17) 26... Rc8 {[%emt 0:16:00] Weighted Error Value: White=0.22 (precise) /Black=0.09 (flawless)} (26... c3 $1 $19 27. b4 Ne6) 1/2-1/2

[Event "New York Spring GM-A 2022"]
[Site "New York"]
[Date "2022.04.18"]
[Round "8.2"]
[White "Barbosa, Oliver"]
[Black "Guo, Arthur"]
[Result "1-0"]
[ECO "A13"]
[WhiteElo "2505"]
[BlackElo "2412"]
[Annotator "TA"]
[PlyCount "101"]
[EventDate "2022.04.14"]
[EventType "tourn"]
[EventCountry "USA"]
[SourceTitle "playchess.com"]
[Source "ChessBase"]
[SourceQuality "1"]
[TimeControl "5400+30"]

1. Nf3 Nf6 2. g3 e6 3. Bg2 d5 4. O-O c5 5. c4 d4 6. e3 Nc6 {[%emt 0:00:11] A13: English Opening: 1...e6.} 7. exd4 cxd4 8. Re1 Bd6 {[%emt 0:00:58] The position is equal.} 9. d3 h6 10. b3 O-O 11. Ba3 e5 12. b4 Re8 (12... Nxb4 $11 13. Nxe5 Re8) 13. b5 {[%emt 0:04:40] [#]} Na5 $146 (13... Nb4 $11 {remains equal.}) ({Predecessor:} 13... Nb8 14. c5 Bc7 15. Nbd2 Nd5 16. Nc4 Nc3 17. Qb3 Nd7 18. Nd6 Bxd6 19. cxd6 Qb6 {½-½ (31) Tomilova,E (2345)-Semenova,E (2282) Sochi 2019}) 14. Bxd6 $16 Qxd6 15. Qa4 (15. Qd2 $5 Qc7 16. Rxe5 $1 $14) 15... b6 16. Qa3 $1 Qb8 (16... Qxa3 17. Nxa3 e4 18. dxe4 $16 (18. Nxd4 Bb7 $16)) 17. Nbd2 {[%emt 0:05:39][%cal Of3e5] And now Nxe5! would win.} Bb7 18. Re2 (18. c5 $5 ) 18... a6 $1 19. Qb2 axb5 20. Qxb5 Bc6 21. Qb2 Nd7 22. Rae1 f6 23. Ne4 (23. Nxd4 $5 Bxg2 24. Kxg2 $11) 23... Nc5 {[%emt 0:07:39] [#]} (23... Qc7 $15) 24. Nh4 (24. Nxd4 $1 $14 Bxe4 25. Bxe4) 24... Bxe4 (24... Nxd3 25. Qb1 f5 26. Qxd3 $11) (24... Qc7 $15 25. Nxc5 bxc5) 25. Rxe4 $11 (25. Bxe4 Nxe4 26. Rxe4 Nb7 27. Qxb6 Qc8 $15) 25... Nxd3 {[%emt 0:05:18] Pair of Knights!} 26. Qb1 Nxe1 27. Rxe1 {[%emt 0:01:36] Threatening mate with Bd5+.} e4 $2 (27... Rd8 $11 {and Black is okay.}) 28. Bxe4 (28. Rxe4 $142 f5 29. Rxd4) 28... Rxe4 $18 29. Qxe4 {[%emt 0:00:10] Qd5+ is the strong threat.} Qd8 30. Qg6 {[%emt 0:00:59] Strongly threatening Nf5.} ({Don't play} 30. Rd1 $6 Qe8 31. Qd5+ (31. Qxd4 Qe6 $16) (31. Rxd4 Qxe4 32. Rxe4 Kf8 $14) 31... Kh7 $16) 30... Qf8 {[%emt 0:04:00] [#]} 31. Nf5 $1 {[%emt 0:00:32][%csl LRd4,LRh6][%cal Bh4f5,Bf5h6,Bh6f7][%mdl 32] aiming for Nxh6+.} Nc6 (31... Nxc4 $2 32. Re7 Qxe7 33. Nxe7+ $18) 32. Nxh6+ Kh8 33. Nf7+ Kg8 34. Nh6+ Kh8 35. Nf7+ Kg8 {[%emt 0:00:17] [#]} 36. Ng5 fxg5 37. Qxc6 {[%emt 0:00:17][%mdl 4096] Endgame KQR-KQR} Rd8 38. Qxb6 d3 39. Rd1 Kh8 (39... Qe8 $142 40. c5 d2) 40. Qe3 Qf5 41. c5 Qg6 42. c6 Re8 43. Qxd3 Qxc6 44. Qd5 Qf6 (44... Qxd5 $142 45. Rxd5 Ra8 46. Rxg5 Kh7) 45. Kg2 Rf8 46. Rd2 Kh7 47. a4 Re8 48. Qf3 {[%emt 0:00:36] White wants to mate with Qh5+.} Qe6 49. Rd5 Qc6 (49... g4 $142 50. Qd3+ Kg8) 50. a5 Rf8 {[%emt 0:00:40] [#]} 51. Rf5 $3 {[%emt 0:00:11][%mdl 512] Weighted Error Value: White=0.45/Black=0.47} 1-0

[Event "New York Spring GM-A 2022"]
[Site "New York"]
[Date "2022.04.18"]
[Round "8.3"]
[White "Korley, Kassa"]
[Black "Liang, Jason"]
[Result "0-1"]
[ECO "A05"]
[WhiteElo "2399"]
[BlackElo "2419"]
[Annotator "TA"]
[PlyCount "70"]
[EventDate "2022.04.14"]
[EventType "tourn"]
[EventCountry "USA"]
[SourceTitle "playchess.com"]
[Source "ChessBase"]
[SourceQuality "1"]
[TimeControl "5400+30"]

1. Nf3 Nf6 2. g3 b5 3. Bg2 Bb7 4. O-O e6 5. d3 d5 6. c4 bxc4 {[%emt 0:13:24] A05: Réti Opening: 1 Nf3 Nf6.} 7. dxc4 c6 8. Nc3 Nbd7 {[%emt 0:01:19] The position is equal.} 9. e4 {[%emt 0:04:33] [#]} dxc4 $146 ({Predecessor:} 9... Nb6 10. e5 Nfd7 11. cxd5 cxd5 12. Bf4 Be7 13. h4 O-O 14. Re1 Rc8 15. Rc1 Ba6 {0-1 (33) Wallace,J (2415)-Moroni,L (2547) Caleta 2018}) 10. Qe2 Qa5 11. Rd1 {[%emt 0:01:56][%mdl 1024] White has compensation.} ({Don't play} 11. Qxc4 Ba6 12. Qxc6 Rc8 $17) 11... Nb6 (11... Ba6 $11) 12. Bd2 {[%emt 0:16:59][%cal Oc3d5] [#] Strongly threatening Nd5!} Qa6 $1 13. Ne5 Be7 14. Bf1 O-O 15. Nxc4 Nxc4 16. Qxc4 Qxc4 17. Bxc4 Nd7 18. Bf4 Nb6 19. Be2 Rfd8 20. f3 Bc5+ 21. Kf1 Bd4 22. Bd2 e5 23. Be1 Bc8 24. Bf2 Be6 25. Rac1 c5 26. Nb5 Bxa2 27. Nxd4 cxd4 28. Rc5 f6 29. Ra1 Be6 30. Bd3 (30. b4 $11 {keeps the balance.}) 30... Rdc8 31. Rca5 {[%emt 0:03:37] This costs White the game.} (31. Rxc8+ $17 {might work better.} Rxc8 32. Rxa7) 31... Bc4 $19 32. Ke2 {[%emt 0:00:04] [#]} (32. R5a3 {is a better defense.}) 32... Rab8 $1 {[%emt 0:02:26] White must now prevent ...Bxd3+.} 33. Rxa7 Bxd3+ 34. Kxd3 Nc4 {[%emt 0:00:11] Hoping for ...Rb3+.} 35. Rd7 $2 (35. f4) 35... Rxb2 {[%emt 0:00:29] Weighted Error Value: White=0.36/Black=0.07 (flawless)} 0-1

[Event "New York Spring GM-A 2022"]
[Site "New York"]
[Date "2022.04.18"]
[Round "8.4"]
[White "Song, Edward"]
[Black "Nagy, Gabor"]
[Result "1-0"]
[ECO "B46"]
[WhiteElo "2383"]
[BlackElo "2530"]
[Annotator "TA"]
[PlyCount "95"]
[EventDate "2022.04.14"]
[EventType "tourn"]
[EventCountry "USA"]
[SourceTitle "playchess.com"]
[Source "ChessBase"]
[SourceQuality "1"]
[TimeControl "5400+30"]

1. e4 c5 2. Nf3 e6 3. d4 cxd4 4. Nxd4 Nc6 5. Nc3 a6 6. Nxc6 bxc6 7. Bd3 d5 8. O-O Nf6 9. Qf3 {[%emt 0:00:08] B46: Sicilian: Taimanov: 5 Nc3 a6.} Be7 {[%emt 0:00:10] 9...Bb7 gains popularity.} 10. e5 Nd7 11. Qg3 {[%emt 0:00:11] The position is equal.} Kf8 12. Ne2 h5 13. Nd4 {[%emt 0:09:25] [#]} Qc7 $146 ({Predecessor:} 13... Bb7 14. b4 h4 15. Qf4 Kg8 16. Rb1 h3 17. g3 Qc7 {½-½ (42) Filipchenko,V (2434)-Hrubcik,M (2425) ICCF email 2018}) 14. Re1 Kg8 15. Bf4 h4 16. Qg4 Nc5 17. Bg5 Bxg5 18. Qxg5 Bb7 19. h3 a5 20. Nb3 Na4 21. Qg4 Nxb2 22. Nc5 Bc8 23. Rab1 {[%emt 0:08:43] &Bianco is much more active. The black rooks are badly placed.} Rb8 24. a3 (24. Qg5 $16) 24... Nxd3 $11 25. cxd3 Rxb1 26. Rxb1 Qxe5 27. d4 Qc7 28. Qg5 {[%emt 0:06:00][%cal Ob1b8] Prevents e5.} f6 (28... Rh6 $15) 29. Qg6 Qf7 30. Qc2 g5 31. Rb6 Kg7 32. Rxc6 {[%emt 0:00:12][%cal Oc6c7] Black must now prevent Rc7!} Re8 $2 {[%emt 0:00:00][%mdl 8192] [#]} (32... Qe8 $11 {and Black is okay.} 33. Nd3 (33. Rc7+ Kh6 $11) 33... Kh6) 33. Qc3 $2 ({White must play} 33. Rc7 $1 $18 Qxc7 34. Nxe6+ $1 Bxe6 35. Qxc7+ Kg6 36. a4) 33... Kh6 $1 $14 34. Qxa5 Qg6 35. Qe1 {[%emt 0:08:12] Prevents Qb1.} Qf5 (35... Qc2 $14) 36. a4 $18 {[%emt 0:00:09][%cal Ba3a4,Ba4a5,Ba5a6][%mdl 32] Strongly threatening a5.} Kg6 (36... Qc2 $142 37. f4 Qf5) 37. a5 e5 {[%emt 0:00:00] [#]} (37... g4 $142 38. hxg4 (38. a6 gxh3 39. a7 hxg2 $18) 38... Qxg4) 38. a6 $1 {[%emt 0:00:26] Threatens to win with a7.} Bd7 39. Nxd7 (39. Rb6 $142 exd4 40. Qa1) 39... Qxd7 {[%emt 0:00:00][%mdl 4096] Endgame KQR-KQR} 40. Qb1+ Qf5 $2 {[%emt 0:00:00][%mdl 8192] [#]} (40... e4 $16 {might work better.} 41. Qb6 Qe7) 41. Qb5 $1 {[%emt 0:00:39][%cal Oc6f6] Hoping for Rxf6+!} Re7 42. Qc5 (42. Qb4 $18 {is more deadly.} Re8 43. a7) 42... Re8 $16 43. Qb5 $2 {[%emt 0:00:29][%mdl 8192] Inhibits Qb1+.} (43. Qxd5 $16 exd4 44. Qxd4 Re1+ 45. Kh2 Qe5+ 46. Qxe5 Rxe5 47. g4 (47. a7 Ra5 $16)) 43... Re7 $18 44. Qb8 g4 (44... exd4 $18 45. a7 Re1+ 46. Kh2 Ra1) 45. hxg4 ({Less strong is} 45. a7 g3 46. fxg3 hxg3 $16) 45... Qe4 46. Qg8+ {[%emt 0:00:30] White mates.} Rg7 47. Qe8+ Kh6 48. Qh5# {[%emt 0:00:36] Weighted Error Value: White=0.39/Black=0.62} 1-0

[Event "New York Spring GM-A 2022"]
[Site "New York"]
[Date "2022.04.18"]
[Round "8.5"]
[White "Ostrovskiy, Aleksandr"]
[Black "Wang, Kevin"]
[Result "1/2-1/2"]
[ECO "B12"]
[WhiteElo "2409"]
[BlackElo "2389"]
[Annotator "TA"]
[PlyCount "101"]
[EventDate "2022.04.14"]
[EventType "tourn"]
[EventCountry "USA"]
[SourceTitle "playchess.com"]
[Source "ChessBase"]
[SourceQuality "1"]
[TimeControl "5400+30"]

1. e4 c6 2. d4 d5 3. e5 Bf5 4. h4 h5 5. Bd3 Bxd3 6. Qxd3 {[%emt 0:00:03][%cal Oe5e6] B12: Caro-Kann: Advance Variation.} Qa5+ 7. Nd2 e6 $1 8. Ngf3 Nh6 9. O-O Nf5 10. Nb3 Qa6 11. Qd1 b6 12. Bg5 c5 13. dxc5 Bxc5 14. Nxc5 bxc5 15. Re1 Nc6 16. c3 Rb8 17. b3 Qa5 {[%emt 0:06:46] [#]} 18. Qd3 $146 ({Predecessor:} 18. Bd2 Qc7 19. Qe2 a5 20. g3 a4 21. Rab1 axb3 22. axb3 Rb7 23. Bg5 Rb6 24. Qa2 {0-1 (45) Diaz Rosas,J (2367)-Cori,J (2652) Villahermosa 2021}) 18... O-O 19. c4 dxc4 20. Qxc4 Ncd4 21. Qd3 Qb5 22. Qd1 Rfc8 23. Nxd4 cxd4 24. Qxh5 Rc5 25. Qf3 {[%emt 0:06:43] Threatens to win with g4.} d3 $1 (25... Rxe5 $2 26. Rxe5 Qxe5 27. Bf4 $18) 26. Rad1 Rd5 27. Kh1 (27. Re4 $1 $14) 27... Rc8 28. g4 Nd4 29. Qxd3 Qc6 30. Qe4 {[%emt 0:03:34] Strongly threatening Rc1.} Nxb3 {[%emt 0:09:56] [#] aiming for ...Rxd1.} 31. Rxd5 (31. Kh2 $5 Nc5 32. Qf3 $14) 31... exd5 32. Qf3 Nd4 33. Qd3 Ne6 34. Rc1 Qb7 35. Rxc8+ (35. Rb1 {seems wilder.} Qc7 36. Qxd5 Nxg5 37. hxg5 Qc2 38. Rf1) 35... Qxc8 36. Qxd5 {[%emt 0:00:22] Black must now prevent Be3.} Nxg5 37. hxg5 {[%emt 0:00:01] And now g6 would win.} Qxg4 $11 {[%emt 0:00:06][%mdl 4096] Endgame KQ-KQ} 38. Qd8+ Kh7 39. Qd3+ Kg8 40. Qd8+ (40. g6 $5 fxg6 41. Qd5+ Kf8 42. Qa8+ Kf7 43. Qxa7+ Ke6 44. Qe3 $16 (44. Qxg7 Qe4+ 45. Kh2 Qh4+ 46. Kg1 Qg4+ 47. Kf1 Qd1+ 48. Kg2 Qg4+ 49. Kh2 Qh4+ 50. Kg2 Qg4+ 51. Kh2 Qh4+ $11)) 40... Kh7 41. Qd3+ (41. Qe7 $11) 41... Kg8 $16 {[%emt 0:00:04] [#]} 42. Qe3 (42. g6 $1 $16 fxg6 43. Qd5+ Kf8 44. Kh2) 42... a5 $11 {[%emt 0:01:38] The position is equal.} 43. a3 a4 44. Kh2 Kf8 45. f4 g6 46. Qc5+ Kg8 47. Qe3 Kf8 48. Qc5+ Kg8 49. Qe3 Kf8 50. Qf2 Kg8 51. Qe3 {[%emt 0:00:28] Weighted Error Value: White=0.07 (flawless) /Black=0.05 (flawless)} 1/2-1/2